[Event "Late-Titled-Tuesday-Blitz-June-25-2024"]
[Site "Chess.com"]
[Date "2024.06.25"]
[Round "2"]
[White "klercaku"]
[Black "Crasyhealer"]
[Result "1-0"]
[WhiteElo "2310"]
[BlackElo "2500"]
[TimeControl "180+1"]
[EndTime "14:18:12 PDT"]
[Termination "klercaku won by resignation"]

1. e4 e5 2. Nf3 Nc6 3. d4 exd4 4. Nxd4 Nf6 5. Nc3 Bb4 6. Nxc6 bxc6 7. Bd3 d5 8. exd5 cxd5 9. O-O O-O 10. Bg5 c6 11.
Qf3 Be7 12. h3 h6 13. Bf4 Bd6 14. a3 Rb8 15. b4 Be6 16. Na4 a5 17. c3 d4 18. cxd4 axb4 19. Nc5 Bd5 20. Qg3 Nh5 21. Qg4 Nxf4 22. Bc2 Bxc5 23. dxc5 Qf6 24. axb4 Rxb4 25. Rab1 h5 26. Qd1 Nxh3+ 27. Kh2 Nxf2 28. Rxb4 Qe5+ 29.
Kg1 Nxd1 30. Bxd1 Qe3+ 31. Kh2 Qxc5 32. Rbf4 Qd6 33. Kg1 g6 34. Rf6 Qc5+ 35. Kh2 Re8 36. R1f2 Qd4 37. Bc2 Qh4+ 38. Kg1 Re1+ 39. Rf1 Qxf6 40.
Rxe1 Qb2 41. Bd1 Qf2+ 42. Kxf2 Kg7 43. Re8 c5 44. Rc8 c4 45. Be2 Be6 46. Rc7 h4 47.
Bxc4 Bxc4 48. Rxc4 g5 49. Rc5 Kg6 50. Kf3 f5 51.
Rc6+ Kh5 52. Rc8 Kg6 53. Rg8+ Kf6 54. Rf8+ Ke5 55. Re8+ Kf6 56. Rh8 Kg7 57. Rh5 Kg6 58. Rh8 Kg7 59. Rb8 Kf6 60. g3 h3 61. g4 f4 62. Rh8 Kg6 63. Rxh3 Kf6 64. Ke4 Ke6 65. Rh6+ Kf7 66. Kf5 f3 67. Kxg5 Kg7 68. Rf6 f2 69. Rxf2 Kh7 70. Ra2 Kg7 71. Ra7+ 1-0

[Event "Late-Titled-Tuesday-Blitz-June-25-2024"]
[Site "Chess.com"]
[Date "2024.06.25"]
[Round "2"]
[White "imdarealist"]
[Black "sammartin99"]
[Result "0-1"]
[WhiteElo "2276"]
[BlackElo "2508"]
[TimeControl "180+1"]
[EndTime "14:18:12 PDT"]
[Termination "sammartin99 won on time"]

1. d4 d5 2. Bf4 c5 3. e3 cxd4 4. exd4 Nf6 5. c3 Bg4 6. Qb3 Qc8 7. Nd2 Nc6 8. Ngf3 e6 9. h3 Bh5 10. Ne5 Nxe5 11. Bxe5 Nd7 12. Bd3 Nxe5 13. dxe5 a6 14. O-O Be7 15. Rae1 Bg6 16. Bxg6 hxg6 17. Nf3 b5 18.
Nd4 Qc4 19. Re3 Rc8 20. Rd1 O-O 21. Rg3 b4 22. cxb4 Qxb4 23. Qxb4 Bxb4 24. Rb3 Bc5 25. Nf3 Rb8 26. Rdd3 a5 27. Kf1 a4 28. Rxb8 Rxb8 29.
Rd2 f6 30. Rc2 Bb6 31. Rc6 Kf7 32. Rc2 Ke7 33. Ke2 g5 34. Kd3 Kd7 35. Ke2 Ba7 36.
Kd3 Rb4 37. exf6 gxf6 38. Ke2 Re4+ 39. Kf1 e5 40. Nd2 Rb4 41. b3 Rf4 42. Nb1 axb3 43. axb3 Rb4 44. Nd2 Kd6 45. Ke2 Bd4 46.
Rc8 Bb6 47. Rb8 Ba5 48. Rf8 Ke7 49. Ra8 Bc7 50. Ra7 Kd6 51. Ra6+ Bb6 52. f3 Kc7 53. Kd3 Rd4+ 54. Kc2 e4 55. fxe4 dxe4 56. Nc4 e3 57.
Rxb6 Kd7 58. Rxf6 e2 59. Re6 Kxe6 0-1

[Event "Late-Titled-Tuesday-Blitz-June-25-2024"]
[Site "Chess.com"]
[Date "2024.06.25"]
[Round "2"]
[White "KebabJangles"]
[Black "Yarikov_Artem"]
[Result "1-0"]
[WhiteElo "2230"]
[BlackElo "2462"]
[TimeControl "180+1"]
[EndTime "14:18:12 PDT"]
[Termination "KebabJangles won by resignation"]

1. d4 c6 2. c4 d5 3. Nf3 Nf6 4. g3 dxc4 5. Bg2 Bg4 6. Ne5 Be6 7. O-O Nbd7 8. Nf3 Bd5 9. Nc3 e6 10. a4 Bb4 11. Qc2 Bxf3 12. Bxf3 O-O 13. Ne4 Nxe4 14.
Bxe4 Nf6 15. Be3 Nxe4 16. Qxe4 Qd5 17. Qc2 h6 18. Rac1 b5 19. Rfd1 a5 20. Bf4 f5 21.
Be5 Bd6 22. Bxd6 Qxd6 23. b3 cxb3 24. Qxb3 Rfb8 25. Rc5 Qd7 26. Rxf5 bxa4 27. Qa2 Rb4 28. Re5 Re8 29. Rxa5 c5 30. Rxc5 Rxd4 31. Rxd4 Qxd4 32. Ra5 Rb8 33. Rxa4 Rb1+ 34. Kg2 Qd5+ 35. Qxd5 exd5 36.
Ra5 Rd1 37. Kf3 Kf7 38. h4 Kf6 39. Kf4 Rd2 40. Ke3 Rd1 41. Ra6+ Kf5 42. Rd6 Ke5 43. Rg6 Ra1 44. Rxg7 Ra3+ 45. Kd2 Ra2+ 46. Kd3 Ra3+ 47. Kc2 Ra2+ 48. Kb3 Rd2 49. Kc3 Ra2 50. Re7+ Kd6 51. Re3 Kc5 52. Kb3 Rd2 53. Re6 d4 54. Re5+ Kd6 55. f4 d3 56. Kc3 Ra2 57. Kxd3 Ra3+ 58. Ke4 Rxg3 59. Rh5 Rg2 60. Rxh6+ Ke7 61. e3 Rg4 62. h5 Rg3 63. Rg6 Rh3 64. h6 Kf7 65. Ra6 Ke7 66. Kf5 Rxe3 67. h7 Rh3 68. Ra7+ Kf8 69.
Ra8+ Kg7 70. h8=Q+ Rxh8 71. Rxh8 Kxh8 72. Kf6 Kg8 73.
Ke7 Kg7 74. f5 Kh6 75. f6 Kg5 76. f7 Kf4 77. f8=Q+ 1-0

[Event "Late-Titled-Tuesday-Blitz-June-25-2024"]
[Site "Chess.com"]
[Date "2024.06.25"]
[Round "2"]
[White "boguszp"]
[Black "jaramsdal"]
[Result "0-1"]
[WhiteElo "1981"]
[BlackElo "2440"]
[TimeControl "180+1"]
[EndTime "14:18:12 PDT"]
[Termination "jaramsdal won by checkmate"]

1. d4 d5 2. Nf3 Bg4 3. Ne5 Bf5 4. c4 e6 5. Qb3 Nc6 6. e3 Nxe5 7. dxe5 Ne7 8. Nc3 d4 9. Nb5 d3 10. Nd4 Be4 11.
Bxd3 Bxg2 12. Rg1 Bc6 13. Bd2 Ng6 14. Bxg6 hxg6 15. O-O-O Qe7 16. Nxc6 bxc6 17. Qb7 Rd8 18. Qxc6+ Qd7 19. Qxd7+ Rxd7 20. Rh1 Be7 21. Bc3 Rh3 22.
Rxd7 Kxd7 23. Kd2 Kc6 24. b4 a6 25. Ke2 Rh4 26. f4 g5 27. Kf3 Rh3+ 28. Kf2 gxf4 29.
exf4 Rxc3 30. b5+ axb5 31. cxb5+ Kxb5 32. Rg1 Rc2+ 33. Kf3 g6 34. Rg2 Rxg2 35. Kxg2 c5 36. Kf3 c4 37. Ke3 Bb4 38. h4 Ka4 39. Kd4 Kb5 40.
a4+ Kxa4 41. Kxc4 Be1 42. Kc5 Bxh4 43. Kd6 Bg3 44. Ke7 Bxf4 45. Kxf7 Bxe5 46. Kxg6 Ba1 47. Kg5 e5 48. Kf5 Kb3 49. Ke4 Kc4 50. Ke3 Kd5 51. Kd3 Bd4 52. Ke2 Ba7 53. Kd3 Ke6 54. Ke4 Kf6 55.
Kf3 Kf5 56. Ke2 e4 57. Kd2 Kf4 58. Ke2 Kg3 59. Kf1 Kf3 60. Ke1 Bf2+ 61. Kf1 Bg3 62. Kg1 e3 63. Kh1 e2 64. Kg1 e1=R# 0-1

[Event "Late-Titled-Tuesday-Blitz-June-25-2024"]
[Site "Chess.com"]
[Date "2024.06.25"]
[Round "2"]
[White "MarcoRiehle"]
[Black "VaglioSagan"]
[Result "1-0"]
[WhiteElo "2814"]
[BlackElo "2557"]
[TimeControl "180+1"]
[EndTime "14:18:13 PDT"]
[Termination "MarcoRiehle won on time"]

1. e4 c6 2. c4 d5 3. exd5 cxd5 4. cxd5 Nf6 5. Nc3 Nxd5 6. Nf3 Nc6 7. Bb5 Nb6 8. O-O e6 9. d4 Be7 10. Bf4 O-O 11. Qd2 Nb4 12. Rad1 N4d5 13. Bg3 Bd7 14. Bd3 Rc8 15. Ne5 Bb4 16. Rc1 Be8 17. h3 f6 18.
Nf3 Bf7 19. Bb1 Nc4 20. Qe2 Bxc3 21. bxc3 Re8 22. Nd2 b5 23. Nb3 e5 24. dxe5 Nxe5 25. Qxb5 Nxc3 26. Qa6 Qb6 27. Qxb6 axb6 28. Kh2 Red8 29.
Bf5 Rc4 30. Rc2 Nb5 31. Rxc4 Bxc4 32. Rc1 Bxb3 33. axb3 Nd4 34. Bb1 Kh8 35. b4 Ne2 36.
Rc7 Nxg3 37. Kxg3 Kg8 38. Bf5 g6 39. Be6+ Kh8 40. Rb7 Rd6 41. Ba2 g5 42. f4 Rd3+ 43. Kh2 gxf4 44. Rxb6 Nf3+ 45. gxf3 Rd2+ 46. Kg1 Rxa2 47.
Rxf6 Rb2 48. Rxf4 Kg7 49. Kf1 Kg6 50. h4 Kh5 51. Ke1 Kg6 52. Kd1 Kh5 53. Kc1 Rb3 54. Kc2 Re3 55. b5 Re5 56. Rb4 Rc5+ 57. Kd3 Rc7 58. b6 Rb7 59. Kc3 h6 60. Kb3 Kg6 61. Ka4 Kh5 62. Kb5 Rb8 63. Kc6 Rc8+ 64. Kd7 Rb8 65. Kc7 Rxb6 66. Kxb6 1-0

[Event "Late-Titled-Tuesday-Blitz-June-25-2024"]
[Site "Chess.com"]
[Date "2024.06.25"]
[Round "2"]
[White "Walter_White_Poland"]
[Black "Flawless_Fighter"]
[Result "1/2-1/2"]
[WhiteElo "2419"]
[BlackElo "2790"]
[TimeControl "180+1"]
[EndTime "14:18:13 PDT"]
[Termination "Game drawn by repetition"]

1. e4 d5 2. exd5 Nf6 3. d4 Nxd5 4. c4 Nf6 5. Nc3 Bg4 6. f3 Bh5 7. h4 Bg6 8. g4 h6 9. h5 Bh7 10. Be3 e6 11. Bd3 Bxd3 12. Qxd3 c5 13. Nge2 Nc6 14. O-O-O cxd4 15. Nxd4 Nxd4 16. Bxd4 Be7 17. Ne4 Qc7 18. Bxf6 gxf6 19. Kb1 Rd8 20. Qc3 Rxd1+ 21. Rxd1 Qe5 22. Qxe5 fxe5 23. c5 f5 24. gxf5 exf5 25. Nd6+ Bxd6 26. Rxd6 Ke7 27. b4 Rg8 28. Rxh6 Rg3 29. Rh7+ Ke6 30.
Rxb7 Rxf3 31. c6 f4 32. Kb2 Rf2+ 33. Kb3 f3 34. h6 Rh2 35. h7 f2 36. c7 Kd7 37. c8=Q+ Kxc8 38. Rf7 e4 39. Rxf2 Rxh7 40. Re2 Rh4 41. Kc4 Kc7 42. Kd4 e3+ 43. Kxe3 Rxb4 44. Kd3 Kb6 45. Kc3 Rh4 46. Re3 a5 47. Kb3 Kb5 48.
Re5+ Kb6 49. Re3 Kb5 50. Rg3 Rf4 51. Rg5+ Kb6 52. Rg3 Rb4+ 53. Ka3 Rh4 54. Kb3 Kb5 55. Rg5+ Kb6 56. Rf5 Rb4+ 57. Ka3 Rh4 58. Rg5 Rh3+ 59. Ka4 Rh4+ 60. Ka3 Rf4 61. Re5 Rd4 62. Rg5 Rd3+ 63. Ka4 Rd4+ 64. Ka3 Rd2 65. Rf5 Rd4 66.
Rg5 1/2-1/2

[Event "Late-Titled-Tuesday-Blitz-June-25-2024"]
[Site "Chess.com"]
[Date "2024.06.25"]
[Round "2"]
[White "kinga2008"]
[Black "chesspilot01"]
[Result "1-0"]
[WhiteElo "2525"]
[BlackElo "2311"]
[TimeControl "180+1"]
[EndTime "14:18:13 PDT"]
[Termination "kinga2008 won by resignation"]

1. e4 e5 2. Nf3 Nf6 3. d4 Nxe4 4. Nxe5 d6 5. Nf3 d5 6. Bd3 Nc6 7. O-O Be7 8. c4 Nb4 9. Bxe4 dxe4 10. Ne5 O-O 11.
a3 f6 12. axb4 fxe5 13. dxe5 Bxb4 14. Be3 Be6 15. Qb3 a5 16. Nc3 Qd3 17. Rfd1 Qxc4 18.
Qc2 Bf5 19. Rd4 Qc6 20. Qb3+ Kh8 21. Nd5 Be6 22. Nxb4 axb4 23. Rxa8 Rxa8 24. Qd1 b3 25. h3 h6 26. Rd8+ Rxd8 27. Qxd8+ Kh7 28. Qe7 Bf5 29. Bd4 Qd5 30. Bc3 Qe6 31. Qxc7 b5 32. Qd6 Kg6 33. Qd4 Kf7 34. Qe3 Kg6 35. Qg3+ Kh7 36.
Qf4 g5 37. Qe3 Kg6 38. Qc5 Kh7 39. Bd4 Qd7 40. Qf8 Be6 41. Be3 Qd1+ 42. Kh2 Qd7 43. Qf6 Qf7 44. Qd8 Qd7 45. Qb8 Qd5 46. Qc7+ Kg6 47.
Qc3 Kf5 48. g4+ Kg6 49. Qc7 Qd7 50. Qd6 Kf7 51. Kg3 Qxd6 52. exd6 Ke8 53. Bd4 Kd7 54. Bg7 Kxd6 55. Bxh6 Kd5 56. Bxg5 Kd4 57. Bf6+ Kd3 58.
h4 Kc2 59. h5 Bg8 60. g5 Kd3 61. g6 e3 62. fxe3 Kxe3 63. h6 1-0

[Event "Late-Titled-Tuesday-Blitz-June-25-2024"]
[Site "Chess.com"]
[Date "2024.06.25"]
[Round "2"]
[White "bubeliang"]
[Black "RodriQA"]
[Result "1/2-1/2"]
[WhiteElo "2785"]
[BlackElo "2494"]
[TimeControl "180+1"]
[EndTime "14:18:17 PDT"]
[Termination "Game drawn by repetition"]

1. e4 c6 2. d4 d5 3. Nc3 dxe4 4. Nxe4 Nf6 5. Nxf6+ exf6 6. c3 Bd6 7. Bd3 O-O 8.
Qc2 Re8+ 9. Ne2 h5 10. O-O Nd7 11. Ng3 h4 12. Nf5 Nf8 13. Nxh4 g6 14. g3 Bh3 15. Ng2 Bc7 16. f3 Kg7 17. Bd2 Ne6 18. Rae1 Qd5 19. b3 Rad8 20. Re2 Nxd4 21. cxd4 Qxd4+ 22. Be3 Qxd3 23. Qxd3 Rxd3 24. Bh6+ Kxh6 25. Rxe8 Bb6+ 26. Kh1 Bxg2+ 27. Kxg2 Rd2+ 28. Kh3 Rxa2 29. Rfe1 Rb2 30. R8e7 Rxb3 31. Rxb7 Rxf3 32. Rxf7 Kg5 33. Kg2 Rf2+ 34. Kh3 c5 35.
Re4 Kf5 36. Ra4 Ke6 37. Rg7 g5 38. g4 Kd5 39. Rd7+ Kc6 40. Kg3 Rf1 41. Rf7 Kb5 42.
Ra2 c4 43. Kg2 Rg1+ 44. Kf3 Rf1+ 45. Ke4 Kb4 46. h4 gxh4 47. g5 Re1+ 48. Kd5 fxg5 49.
Rb2+ Kc3 50. Rb5 Rd1+ 51. Ke4 h3 52. Rf3+ Rd3 53. Rxg5 h2 54. Rh5 Bg1 55. Rf1 Kc2 56. Ra1 Rd2 57. Ra2+ Kc1 58. Ra3 Kb2 59. Rg3 c3 60.
Rb5+ Kc2 61. Rh5 Kb2 62. Rb5+ Kc1 63. Rxc3+ Rc2 64. Rh3 Rc6 65. Kd3 Rc2 66. Rf5 Rd2+ 67. Kc3 Rc2+ 68. Kb3 Rb2+ 69. Ka3 Rd2 70. Kb3 Rb2+ 71.
Kc3 Rc2+ 72. Kb3 Rb2+ 1/2-1/2

[Event "Late-Titled-Tuesday-Blitz-June-25-2024"]
[Site "Chess.com"]
[Date "2024.06.25"]
[Round "2"]
[White "Zhigalko_Sergei"]
[Black "GiorgianBarbosa"]
[Result "1-0"]
[WhiteElo "2975"]
[BlackElo "2606"]
[TimeControl "180+1"]
[EndTime "14:18:20 PDT"]
[Termination "Zhigalko_Sergei won by resignation"]

1. e4 c5 2. Nf3 g6 3. c3 Bg7 4. d4 cxd4 5. cxd4 d5 6. e5 Bg4 7. Bb5+ Nd7 8. Nbd2 e6 9. O-O Ne7 10. h3 Bxf3 11. Nxf3 O-O 12. Bf4 a6 13. Bxd7 Qxd7 14. Qd2 Rfc8 15. Bh6 Bxh6 16. Qxh6 Nf5 17. Qf4 Qd8 18.
Rac1 h5 19. g4 hxg4 20. hxg4 Nh4 21. Nh2 g5 22. Qe3 Kg7 23. f4 Rxc1 24. Rxc1 gxf4 25. Qxf4 Ng6 26. Qf2 Rc8 27. Qf6+ Kg8 28. Qxd8+ Rxd8 29. Rc7 b5 30. g5 Nf4 31. Kf1 Nh3 32. g6 Rf8 33.
Ng4 Ng5 34. Ke2 Kg7 35. gxf7 Rxf7 36. Rc6 a5 37. Nf6 Kg6 38. Ke3 Kf5 39. Rc5 Rb7 40. Ne8 Ne4 41. Nd6+ Nxd6 42. exd6 Rh7 43. Rxb5 Rh3+ 44.
Kd2 Rh7 45. Rxa5 Rd7 46. Kc3 Rxd6 47. b4 Rc6+ 48. Kb3 Rc4 49. b5 Rxd4 50. b6 Rd1 51. Rb5 Rb1+ 52. Ka4 Ra1 53. b7 Rxa2+ 54. Kb3 Ra1 55.
b8=Q Rb1+ 56. Kc2 Rxb5 57. Qxb5 e5 58. Qxd5 Kf4 59. Kd3 e4+ 60. Qxe4+ Kg5 61. Qf3 1-0

[Event "Late-Titled-Tuesday-Blitz-June-25-2024"]
[Site "Chess.com"]
[Date "2024.06.25"]
[Round "2"]
[White "varunkrishnanchess"]
[Black "SpeedofLight0"]
[Result "0-1"]
[WhiteElo "2647"]
[BlackElo "3150"]
[TimeControl "180+1"]
[EndTime "14:18:21 PDT"]
[Termination "SpeedofLight0 won by checkmate"]

1. d4 Nf6 2. c4 e6 3. Nf3 d5 4. cxd5 exd5 5. Nc3 c6 6. Bg5 h6 7. Bh4 Be7 8. e3 Bf5 9. Bd3 Bxd3 10. Qxd3 Nbd7 11. O-O O-O 12. Rab1 a5 13. b3 Re8 14.
Ne5 Nxe5 15. dxe5 Nd7 16. Bxe7 Qxe7 17. f4 f6 18. e4 Nc5 19. Qf3 dxe4 20. Nxe4 Nxe4 21.
Qxe4 fxe5 22. f5 Qc5+ 23. Kh1 Qd4 24. Qe2 e4 25. f6 Re6 26. Rbd1 Qe5 27. f7+ Kf8 28.
Qe3 Re7 29. Qb6 Rc7 30. Rde1 Rac8 31. h3 Re7 32. Re3 Rcc7 33. Rfe1 Qd5 34. Qa7 Kxf7 35. R3e2 Kg8 36. Qb8+ Kh7 37. Qf8 Rf7 38. Qa3 Rce7 39.
Qb2 Qd6 40. Qc2 Qg6 41. Rxe4 Rxe4 42. Qxe4 Rf1+ 43. Kh2 Qxe4 44. Rxe4 Rf2 45. Ra4 b6 46. b4 axb4 47. Rxb4 b5 48. a4 Rf5 49. axb5 Rxb5 50. Rc4 c5 51. h4 Kg6 52. Kh3 Kf5 53. g3 Ke5 54. Rc1 Kd5 55. Kg4 c4 56. Kf5 Kd4+ 57. Kg6 Rb7 58. Rd1+ Ke3 59. Rc1 Kd3 60. g4 c3 61. g5 hxg5 62. hxg5 Kd2 63. Rh1 c2 64. Rh2+ Kc3 65. Rh1 Kb2 66. Rh2 Kb1 67. Rh1+ c1=Q 68.
Rxc1+ Kxc1 69. Kh7 Kd2 70. g6 Ke3 71. Kg8 Kf4 72.
Kh7 Kg5 73. Kg8 Kf6 74. Kf8 Rb8# 0-1

[Event "Late-Titled-Tuesday-Blitz-June-25-2024"]
[Site "Chess.com"]
[Date "2024.06.25"]
[Round "2"]
[White "Slovak_fighter2000"]
[Black "TheAlienParty"]
[Result "1-0"]
[WhiteElo "2528"]
[BlackElo "2323"]
[TimeControl "180+1"]
[EndTime "14:18:21 PDT"]
[Termination "Slovak_fighter2000 won by checkmate"]

1. d4 Nf6 2. Bf4 d5 3. e3 Bf5 4. Nf3 e6 5. c4 c6 6. Qb3 Qc8 7.
Nc3 Be7 8. h3 h6 9. Be2 O-O 10.
O-O Nbd7 11. Rac1 Ne4 12. cxd5 Nxc3 13. bxc3 exd5 14. c4 Nf6 15. Ne5 a5 16. Bf3 a4 17.
Qb2 Be4 18. Bxe4 dxe4 19. Rb1 Ra7 20. Qb6 Qa8 21. Rfd1 Bd8 22. Qb4 a3 23. d5 cxd5 24. cxd5 Re8 25. Nc4 Ba5 26. Qb3 b5 27. Qxb5 Rd8 28.
d6 Bc3 29. Qb3 Bb2 30. Nxb2 axb2 31. Rxb2 Ra3 32. Qc4 Rc8 33. Qb5 Rd8 34. d7 Rxa2 35.
Rxa2 Qxa2 36. Bc7 Qc2 37. Bxd8 Qxd1+ 38. Kh2 Qxd7 39. Qb8 Kh7 40. Bxf6 gxf6 41. Qf4 Qe6 42.
g4 Kg7 43. Kg2 Kh7 44. Qg3 Kg7 45. Qf4 Kh7 46. Qc7 Kg7 47. Kg3 f5 48. Qf4 fxg4 49.
Qxg4+ Kf6 50. Qxe6+ Kxe6 51. Kg4 Kf6 52. Kf4 Kg6 53. Kxe4 Kh5 54. Kf3 Kh4 55. Kg2 h5 56.
Kh2 f5 57. Kg2 f4 58. e4 f3+ 59. Kxf3 Kxh3 60. e5 h4 61. e6 Kh2 62. e7 h3 63.
e8=Q Kg1 64. Qg6+ Kf1 65. Qb1# 1-0

[Event "Late-Titled-Tuesday-Blitz-June-25-2024"]
[Site "Chess.com"]
[Date "2024.06.25"]
[Round "2"]
[White "Queensandpawns"]
[Black "Oleg_Papayan"]
[Result "0-1"]
[WhiteElo "2259"]
[BlackElo "2505"]
[TimeControl "180+1"]
[EndTime "14:18:21 PDT"]
[Termination "Oleg_Papayan won by resignation"]

1. e4 d5 2. Nc3 d4 3. Nce2 e5 4. d3 Be6 5. f4 f6 6. Nf3 Nc6 7.
g3 Qd7 8. Bg2 O-O-O 9. O-O h5 10. fxe5 fxe5 11. Ng5 h4 12. c4 dxc3 13. bxc3 Nf6 14. d4 hxg3 15. d5 gxh2+ 16. Kh1 Bg4 17. Be3 Na5 18. Qd3 a6 19. Rab1 c5 20. c4 Rh5 21.
Bd2 Qa4 22. Qg3 Bxe2 23. Rfe1 Bxc4 24. Qxe5 Bxa2 25. Ra1 Nb3 26. Bf4 Bd6 27. Qe6+ Qd7 28.
Bxd6 Nxa1 29. Qe5 Rxg5 30. Qxg5 Qxd6 31. e5 Qd7 32. Rxa1 Bxd5 33. exf6 Bxg2+ 34. Qxg2 gxf6 35. Kxh2 Rh8+ 36. Kg1 Qe6 37. Rf1 Rg8 38. Rf2 Rg3 39.
Qxg3 Qe1+ 40. Kg2 Qe4+ 41. Rf3 c4 42. Qh3+ Kc7 43. Kf2 Qc2+ 44. Kg3 Qg6+ 45. Qg4 Qxg4+ 46. Kxg4 Kc6 47. Kf5 Kd5 48. Kxf6 b5 49. Kf5 b4 50.
Rf1 b3 51. Kf4 Kd4 52. Rd1+ Kc3 53. Ke3 Kc2 54. Rd4 c3 55. Ra4 b2 56. Rb4 a5 57.
Re4 b1=Q 58. Rf4 a4 59. Rf2+ Kb3 60. Kf3 a3 61. Kg2 a2 62. Rf3 a1=Q 63. Rf2 Qh1+ 64.
Kg3 Qag1+ 65. Rg2 Qgxg2+ 66. Kf4 0-1

[Event "Late-Titled-Tuesday-Blitz-June-25-2024"]
[Site "Chess.com"]
[Date "2024.06.25"]
[Round "2"]
[White "Sacbutt"]
[Black "IndianSchoolOfSuffering"]
[Result "1/2-1/2"]
[WhiteElo "2241"]
[BlackElo "2483"]
[TimeControl "180+1"]
[EndTime "14:18:22 PDT"]
[Termination "Game drawn by repetition"]

1. d4 Nf6 2. c4 e6 3. Nf3 c5 4. d5 exd5 5. cxd5 d6 6. Nc3 g6 7. e4 Bg7 8. h3 O-O 9. Bd3 Re8 10. O-O a6 11. a4 Nbd7 12. Re1 b6 13. Bf4 Ne5 14.
Nxe5 dxe5 15. Bg5 h6 16. Be3 a5 17. Qd2 Kh7 18. b3 Bd7 19. f3 Nh5 20. Bb5 Nf4 21. Rad1 Ra7 22. Bxd7 Rxd7 23. Nb5 g5 24. Bf2 Qf6 25.
Qe3 h5 26. Kh2 h4 27. Rd2 Bh6 28. Qc3 Nh5 29. Be3 Rg8 30. d6 Rgd8 31. Rd5 Bg7 32. Red1 Nf4 33. Qb2 Nxd5 34. Rxd5 Kg6 35. Bd2 Rxd6 36.
Nxd6 Rxd6 37. Bc3 Re6 38. Kg1 Qe7 39. Qd2 Qf6 40. Qd3 Qf4 41. Bd2 Qf6 42. Bc3 Qe7 43. Bd2 Bf8 44. Bc3 f6 45. Rd7 Rd6 46.
Rxd6 Qxd6 47. Qc4 Kg7 48. Kh2 Be7 49. Qb5 Kf7 50. Qc4+ Qe6 51. Qb5 Bd8 52. Kg1 Bc7 53. Kf2 Bd8 54. Bd2 Be7 55. Be3 Kg6 56. Qe8+ Qf7 57.
Qc6 Qxb3 58. Qd7 Qf7 59. Qc6 Kg7 60. Qxb6 c4 61. Qxa5 c3 62. Qxc3 Qa2+ 63. Qd2 Qxa4 64. Kg1 Bb4 65. Qe2 Qb3 66. Kh2 Bc3 67. Qf2 Qb2 68. Qxb2 Bxb2 69. Kg1 Kf7 70. Kf2 Ke6 71. Ke2 Kd6 72. Kd3 Ba3 73. Bd2 Bc5 74. Kc4 Kc6 75.
Ba5 Be7 76. Bc3 Kd6 77. Bb4+ Ke6 78. Bxe7 Kxe7 79. Kc5 Kd7 80. Kd5 Ke7 81. Kc6 Ke6 82. Kc5 Kd7 83. Kd5 Ke7 84. Kc5 Kd7 1/2-1/2

[Event "Late-Titled-Tuesday-Blitz-June-25-2024"]
[Site "Chess.com"]
[Date "2024.06.25"]
[Round "2"]
[White "tarno17"]
[Black "ncofre98"]
[Result "1/2-1/2"]
[WhiteElo "2183"]
[BlackElo "2538"]
[TimeControl "180+1"]
[EndTime "14:18:25 PDT"]
[Termination "Game drawn - insufficient material"]

1. e4 c5 2. Nf3 d6 3. Bb5+ Bd7 4. Bxd7+ Nxd7 5. O-O Ngf6 6. Re1 e6 7. d3 Be7 8.
Nbd2 O-O 9. Nf1 Qc7 10. Ng3 Rfd8 11. h3 Rac8 12. Nh2 d5 13. Bg5 h6 14. Bxf6 Bxf6 15.
Rb1 Be5 16. Qf3 dxe4 17. Rxe4 Nf6 18. Re2 c4 19. dxc4 Bxg3 20. Qxg3 Qxg3 21. fxg3 Rxc4 22. Nf3 b5 23. c3 a5 24. Ne5 Rc7 25. Kh2 Nd5 26.
Rd1 Rdc8 27. Red2 h5 28. h4 a4 29. Rd4 a3 30. bxa3 Rxc3 31. g4 hxg4 32. Rxg4 Re3 33.
Nf3 Rxa3 34. Rd2 Rca8 35. h5 Nf6 36. Rg5 Kf8 37. Rc5 Rxa2 38. Rxa2 Rxa2 39. Rxb5 Ra7 40. Kh3 Ke7 41. g4 Ra3 42. Kg2 Nd5 43. Rb7+ Ke8 44. Rb8+ Ke7 45. Rb7+ Kf6 46. g5+ Kf5 47. Rxf7+ Kg4 48.
Ne5+ Kxg5 49. Rxg7+ Kf5 50. Nd7 Nf4+ 51. Kf2 Nxh5 52.
Rf7+ Kg6 53. Rf8 Kg7 54. Re8 Nf4 55. Nc5 Kf6 56. Rf8+ Kg5 57. Re8 Rc3 58. Nd7 Ra3 59. Nc5 Kf5 60. Rf8+ Ke5 61. Re8 Ra2+ 62. Ke3 Ra3+ 63.
Kf2 Rc3 64. Nd7+ Kd6 65. Nf6 Nd3+ 66. Ke2 Ne5 67. Ne4+ Kd7 68. Rxe6 Kxe6 69. Nxc3 1/2-1/2

[Event "Late-Titled-Tuesday-Blitz-June-25-2024"]
[Site "Chess.com"]
[Date "2024.06.25"]
[Round "2"]
[White "HeroWilczek"]
[Black "prxcess_brownie"]
[Result "0-1"]
[WhiteElo "2459"]
[BlackElo "2224"]
[TimeControl "180+1"]
[EndTime "14:18:26 PDT"]
[Termination "prxcess_brownie won on time"]

1. e4 c5 2. Nc3 Nc6 3. g3 g6 4.
Bg2 Bg7 5. Nge2 e5 6. O-O Nge7 7.
d3 O-O 8. f4 d6 9. Nd5 Nxd5 10.
exd5 Ne7 11. Kh1 Bg4 12. h3 Bxe2 13. Qxe2 Qd7 14. Kh2 Rfe8 15. Qf2 exf4 16. Bxf4 Nf5 17. c3 b5 18. g4 Ne7 19. Qg3 Nc8 20. Rae1 Nb6 21.
Bxd6 Rxe1 22. Rxe1 Rd8 23. Bc7 Rc8 24. d6 Bf8 25. Kh1 Re8 26. Re5 f6 27. Rxe8 Qxe8 28. Qf2 Qe5 29. d4 cxd4 30. cxd4 Qe6 31. Qf4 Kg7 32.
a3 Nc4 33. d5 Qd7 34. g5 fxg5 35. Qd4+ Kh6 36. Qxa7 Bxd6 37. Bb8 Qf5 38. Bxd6 Nxd6 39. Qd4 Nc4 40. Kh2 Nd6 41. b4 Qf4+ 42. Qxf4 gxf4 43. Bf3 Kg5 44. Kg2 Kf5 45. Kf2 Ke5 46. Ke2 h5 47. Kd3 g5 48. Bxh5 Kxd5 49. Bf3+ Ke5 50. Be2 Kd5 51.
Bf3+ Ke5 52. Kc3 Kf5 53. Bg4+ Ke5 54. Bf3 Kf5 55. Kd4 Ke6 56. Kc5 Ke5 57. Be2 Ke6 58. Bf3 Ke5 59. Be2 Ke6 60. Bg4+ Ke5 61. Bf3 Ke6 62.
Bg2 Ke5 63. Bd5 Ne4+ 64. Kc6 f3 0-1

[Event "Late-Titled-Tuesday-Blitz-June-25-2024"]
[Site "Chess.com"]
[Date "2024.06.25"]
[Round "2"]
[White "rhungaski"]
[Black "tptagain"]
[Result "0-1"]
[WhiteElo "2619"]
[BlackElo "3019"]
[TimeControl "180+1"]
[EndTime "14:18:32 PDT"]
[Termination "tptagain won on time"]

1. b3 d5 2. Bb2 Bf5 3. g3 e6 4.
Bg2 Nf6 5. Nf3 Be7 6. O-O a5 7. a3 h6 8. c4 O-O 9. d3 c5 10. Nc3 d4 11. Nb5 Nc6 12. Nd2 e5 13. Qc2 Qd7 14.
Rad1 Rad8 15. Bc1 Rfe8 16. Ne4 Nxe4 17. Bxe4 Bxe4 18. dxe4 h5 19. Qd3 h4 20. gxh4 Bxh4 21. Kh1 g6 22. Bd2 Kg7 23. Rg1 Bxf2 24. Rg2 Bh4 25. Rdg1 Rh8 26. Qf3 d3 27. e3 Bf6 28.
Nc3 Rh3 29. Rg3 Rdh8 30. R1g2 Rxg3 31. Rxg3 Ne7 32. Kg2 Qe6 33. a4 Qb6 34. Nb5 Nc8 35. Qf1 Rd8 36. Rf3 Qc6 37. Nc3 Ne7 38. Nd5 Nxd5 39.
exd5 Qd6 40. e4 b6 41. h3 Rh8 42. Qxd3 Bh4 43. Qf1 f6 44. Be3 Qd7 45. Qe2 Re8 46. Rf1 Rh8 47. Qf3 Rh7 48. Rg1 Kf7 49. Kf1 Rh8 50. Ke2 Qc8 51. Rg2 Qd7 52. Kd1 Qe8 53.
Ke2 Qc8 54. Kd1 Qd7 55. Rg1 Kg7 56. Rf1 Kf7 57. Kc2 Kg7 58. Kb1 Rf8 59. Bd2 f5 60. Qe2 f4 61. Qf3 Bg3 62. Rh1 Rh8 63. Qg2 Qe7 64.
Bc3 Qg5 65. Qf3 Qh5 66. Qg2 Kf6 67. Ka2 Ke7 68. Qb2 Kd6 0-1

[Event "Late-Titled-Tuesday-Blitz-June-25-2024"]
[Site "Chess.com"]
[Date "2024.06.25"]
[Round "2"]
[White "zsizsi99"]
[Black "GAZZAN_3000"]
[Result "1/2-1/2"]
[WhiteElo "2550"]
[BlackElo "2758"]
[TimeControl "180+1"]
[EndTime "14:18:38 PDT"]
[Termination "Game drawn - insufficient material"]

1. e4 c5 2. Nf3 Nc6 3. Bb5 g6 4. O-O Bg7 5. c3 Nf6 6. Re1 O-O 7. d4 d5 8. e5 Ne4 9. Nbd2 Qb6 10. Bd3 Nxd2 11.
Bxd2 cxd4 12. cxd4 Nxd4 13. Nxd4 Qxd4 14. Bc3 Qb6 15.
Bf1 Rd8 16. Bd4 Qa5 17. Bc3 Qc7 18. Rc1 Bf5 19. Qb3 Qb6 20. Qxb6 axb6 21. Bd4 Rxa2 22. Bxb6 Rc8 23. Rxc8+ Bxc8 24. Rc1 Bd7 25. Bd4 Bc6 26. f4 Ra4 27. Rd1 e6 28. Kf2 Bf8 29. Ke3 Be7 30. g3 Kg7 31. g4 h6 32. Bd3 f6 33.
Bc2 Ra8 34. f5 exf5 35. gxf5 g5 36. h4 fxe5 37. Bxe5+ Bf6 38. Bxf6+ Kxf6 39. hxg5+ hxg5 40. Kd4 Rh8 41. Re1 Rh4+ 42. Kc3 Rc4+ 43. Kd2 g4 44. Re6+ Kg5 45. Rg6+ Kh4 46. f6 Rf4 47. Ke3 Rf3+ 48. Kd4 Rf2 49. Bd3 g3 50. Rh6+ Kg4 51. Rg6+ Kh3 52.
Rh6+ Kg2 53. Ke5 Rf3 54. Bf5 Kf2 55. f7 Bd7 56. Bxd7 Rxf7 57. Bh3 Rf3 58. Kxd5 Rb3 59. Rf6+ Kg1 60. Rg6 Kh2 61. Bf1 Rxb2 62. Rf6 Rf2 63. Rxf2+ gxf2 64. Kc5 Kg1 65. Bd3 Kg2 66. Kb6 Kf3 67.
Kxb7 Ke3 68. Bb5 Kd2 69. Ba6 Kc3 70. Bb5 Kd4 71. Ba6 Ke3 72. Bf1 Kd2 73. Bh3 Ke1 74. Bg2 Ke2 75. Bh3 Kf3 76. Bf1 Kg3 77. Bd3 Kh2 78.
Bc4 Kg1 79. Bb5 f1=Q 80. Bxf1 1/2-1/2